 Seeded DCSS version 0.28-a0-1389-gc726bef33b (webtiles) character file.

Game seed: 12997704714741059424 (custom seed)

4606 flotson the Skirmisher (level 10, -10/82 HPs)
             Began as a Demonspawn Gladiator on Jan 4, 2022.
             Killed from afar by a lich (42 damage)
             ... with a bolt of cold
             ... on level 1 of the Abyss.
             The game lasted 00:18:24 (9779 turns).

flotson the Skirmisher (Demonspawn Gladiator)       Turns: 9779, Time: 00:18:24

Health: -10/82     AC: 17    Str: 19    XL:     10   Next: 19%
Magic:  0/10       EV: 14    Int: 10    God:
Gold:   160        SH:  0    Dex: 14    Spells: 9/9 levels left

rFire   + . .      SeeInvis .   a - +0 war axe (flame)
rCold   . . .      Faith    .   q - orb {mayhem}
rNeg    . . .      Spirit   +   G - +2 chain mail {rF+}
rPois   .          Reflect  .   c - +0 helmet
rElec   .          Harm     .   l - scarf {shadows}
rCorr   .          Rampage  .   M - +0 pair of gloves
Will    .....                   E - +0 pair of boots
Stlth   ..........              (no amulet)
HPRegen 0.23/turn               r - +4 ring of slaying
MPRegen 0.24/turn               F - +4 ring of evasion

@: slowed, studying 2 skills, very slow
A: rugged brown scales 2, foul stench 2, magic shield, magic regeneration
a: no special abilities


You were on level 1 of the Abyss.
You visited 2 branches of the dungeon, and saw 9 of its levels.
You visited the Abyss 1 time.
You also visited: Bailey.

You collected 292 gold pieces.
You spent 132 gold pieces at shops.

Inventory:

Hand Weapons
 a - a +0 war axe of flaming (weapon)
 b - a +2 trident of flaming
 H - a +1 vorpal flail
 O - a +0 broad axe
 U - a +2 demon trident of pain
Missiles
 d - 3 throwing nets
 n - 19 boomerangs (quivered)
 w - 9 poisoned darts
 x - 5 javelins
Armour
 c - a +0 helmet (worn)
 l - a scarf of shadows (worn)
 q - an orb of mayhem (worn)
 E - a +0 pair of boots (worn)
 G - a +2 chain mail of fire resistance (worn)
 M - a +0 pair of gloves (worn)
Jewellery
 r - a +4 ring of slaying (left hand)
 y - a ring of flight
 F - a +4 ring of evasion (right hand)
 K - a ring of see invisible
 R - the ring "Kepuf" {Will+ MP+9 Int-4 Dex+4}
   (You found it in a bailey)

   [ring of willpower]

   Int:       It affects your intelligence (-4).
   Dex:       It affects your dexterity (+4).
   MP:        It affects your magic capacity (+9).
   Will:      It increases your willpower.
Wands
 J - a wand of flame (11)
 N - a wand of mindburst (5)
Scrolls
 e - 5 scrolls of teleportation {unknown}
 f - 4 scrolls of enchant armour {unknown}
 g - 5 scrolls of identify {unknown}
 h - 2 scrolls of summoning {unknown}
 i - a scroll of vulnerability {unknown}
 j - 4 scrolls of magic mapping {unknown}
 m - 3 scrolls of fog {unknown}
 o - 2 scrolls of immolation {unknown}
 s - a scroll of torment {unknown}
 t - 4 scrolls of enchant weapon {unknown}
 I - a scroll of noise {unknown}
 L - a scroll of silence {unknown}
 T - a scroll of fear {unknown}
Potions
 k - 2 potions of attraction {unknown}
 u - a potion of berserk rage {unknown}
 v - 2 potions of ambrosia {unknown}
 z - a potion of brilliance {unknown}
 A - 3 potions of curing
 B - a potion of flight
 C - a potion of heal wounds
 D - a potion of magic {unknown}
 P - a potion of resistance {unknown}
 Q - a potion of cancellation {unknown}
 S - 3 potions of haste {unknown}


   Skills:
 + Level 7.2 Fighting
 + Level 6.7 Axes
 + Level 6.3 Throwing
 + Level 5.9 Armour
 + Level 6.7 Dodging


You had 9 spell levels left.
You didn't know any spells.
Your spell library contained the following spells:

 Spells                   Type           Power      Damage    Failure   Level
 Animate Skeleton         Necr           0%         N/A       98%         1
 Magic Dart               Conj           0%         1d3       98%         1
 Pain                     Necr           0%         1d4       98%         1
 Sandblast                Erth           0%         2d4       98%         1
 Passwall                 Tmut/Erth      0%         N/A       99%         2
 Searing Ray              Conj           0%         2d4       99%         2
 Stone Arrow              Conj/Erth      0%         3d7       100%        3
 Vampiric Draining        Necr           0%         2d6       100%        3
 Fulminant Prism          Conj/Hex       0%         3d6       100%        4


Dungeon Overview and Level Annotations

Branches:
Dungeon (8/15)             Temple (1/1) D:6          Bailey (visited)
   Lair: D:8-11

Altars:
Ashenzari
Dithmenos
Elyvilon
Fedhas
Hepliaklqana
Kikubaaqudgha
Makhleb
Nemelex Xobeh
Okawaru
Qazlal
Ru
Sif Muna
Trog
Uskayaw
Vehumet
Wu Jian
Xom
Yredelemnul
Zin
The Shining One

Shops:
D:2 =   D:5 !

Annotations:
D:3 2 transporters, flotson's ghost, amateur DsGl
D:4 3 runed translucent doors, Urgle's ghost, amateur GnFi


Innate Abilities, Weirdness & Mutations

You are mostly covered in rugged brown scales. (AC +2, +5% HP)
You sometimes emit foul miasma when damaged in melee.
When hurt, damage is shared between your health and your magic reserves.
You regenerate magic rapidly.


Message History

You slash the yak! You burn the yak. You hit the yak. You burn the yak.
The gnoll sergeant hits you from afar with a +2 trident of distortion.
You blink.
Unknown command.
Unknown command.
Unknown command.
The yak completely misses you. The yak gores you but does no damage.
The gnoll hits you but does no damage.
The gnoll sergeant hits you from afar with a +2 trident of distortion.
You blink.
Unknown command.
Found a stone staircase leading down.
Unknown command.
The yak completely misses you. The gnoll barely misses you.
The gnoll sergeant hits you but does no damage.
You are cast into the Abyss!
This branch contains the abyssal rune of Zot.
Found 5 atropa-tipped darts.
No target in view!
Unknown command.
No target in view!
Unknown command.
No target in view!
Unknown command.
A starcursed mass comes into view.
A starcursed mass splits.
You see here 5 atropa-tipped darts.
The starcursed mass shrieks in your mind.
The lich shouts!
A will-o-the-wisp comes into view.
The lich conjures a glowing orb.
An orb of destruction comes into view.
The lich points at you and mumbles some strange words.
You feel yourself slow down. The orb of destruction hits you!!!
Ouch! That really hurt!
The lich casts a spell at you. The bolt of cold hits you!!!
Ouch! That really hurt!
You die...

.# ... #.# ####
#..#. .#
#.@##.#..##.#
#.#.....##.#
###.###..## ## ##
#.L..##..# #.#.#
#.#v...#ยง #.. .
#.#.#....#####X#..
.#.#....##..#..##.
#.#.#..##..#.
..#..
#..v..###.....
#.##


You could see a lich and a will-o-the-wisp.

Vanquished Creatures
  An orc warlord (Bailey)
  Pikel (D:5)
  An orc knight (Bailey)
  A yak (D:8)
  Edmund (D:6)
  2 water moccasins (D:7)
  A hornet zombie (D:6)
  2 orc warriors (Bailey)
  2 black bears
  5 ogres
  3 centaurs (D:7)
  A kobold brigand (D:7)
  2 bullfrogs
  A scorpion (D:7)
  A water moccasin skeleton (D:4)
  A centaur zombie (D:5)
  2 hounds
  A bullfrog skeleton (D:6)
  An orc priest (D:6)
  2 centaur skeletons
  A gnoll shaman (D:8)
  3 iguanas
  An orc wizard (D:6)
  A hound skeleton (D:4)
  13 gnolls
  6 adders
  A howler monkey skeleton (D:4)
  A shadow imp (D:7)
  A white imp (D:5)
  An ufetubus (D:5)
  3 adder skeletons
  3 dart slugs
  17 orcs
  8 endoplasms
  4 giant cockroaches
  15 goblins
  6 hobgoblins
  2 jackals (D:2)
  16 kobolds
  3 quokkas
  6 ball pythons
  4 bats
  5 frilled lizards
  5 rats
158 creatures vanquished.

Vanquished Creatures (collateral kills)
  An orc warrior (Bailey)
  A sky beast (D:5)
  A scorpion (D:5)
  A howler monkey zombie (D:6)
  7 orcs
11 creatures vanquished.

Vanquished Creatures (others)
  A gnoll sergeant (D:6)
  A gnoll (D:6)
  A hobgoblin (Bailey)
  2 kobolds
5 creatures vanquished.

Grand Total: 174 creatures vanquished

Notes
Turn   | Place    | Note
-------+----------+-------------------------------------------
     0 | D:1      | flotson the Demonspawn Gladiator began the quest for the
                  | Orb.
     0 | D:1      | Reached XP level 1. HP: 16/16 MP: 1/1
   306 | D:1      | Gained mutation: You are partially covered in rugged brown
                  | scales. (AC +1, +3% HP) [demonic ancestry]
   306 | D:1      | Reached XP level 2. HP: 16/22 MP: 2/2
  1100 | D:2      | Gained mutation: You may rarely emit foul miasma when
                  | damaged in melee. [demonic ancestry]
  1100 | D:2      | Reached XP level 3. HP: 28/28 MP: 3/3
  1300 | D:2      | Found a faded altar of an unknown god.
  1610 | D:2      | Reached skill level 1 in Armour
  1702 | D:2      | Found Haapyin's Jewellery Shoppe.
  1962 | D:3      | Found a transporter.
  1966 | D:3      | Noticed flotson's ghost (amateur DsGl)
  1969 | D:3      | Noticed an ogre
  1978 | D:3      | Killed an ogre
  1979 | D:3      | Gained mutation: You regenerate magic rapidly. [demonic
                  | ancestry]
  1979 | D:3      | Reached XP level 4. HP: 7/35 MP: 4/4
  2238 | D:3      | Found a transporter.
  2255 | D:3      | Reached XP level 5. HP: 22/41 MP: 5/5
  2751 | D:3      | Reached skill level 3 in Fighting
  3064 | D:4      | Noticed Urgle's ghost (amateur GnFi)
  3064 | D:4      | Noticed a black bear
  3073 | D:4      | Found a runed translucent gate.
  3073 | D:4      | Found a runed translucent gate.
  3081 | D:4      | Found a runed translucent gate.
  3267 | D:4      | Gained mutation: You sometimes emit foul miasma when
                  | damaged in melee. [demonic ancestry]
  3267 | D:4      | Reached XP level 6. HP: 40/48 MP: 6/6
  3689 | D:5      | Entered Level 5 of the Dungeon
  3896 | D:5      | Found Ishianuot's Distillery.
  3903 | D:5      | Bought a potion of flight for 33 gold pieces
  3903 | D:5      | Bought a potion of curing for 33 gold pieces
  3903 | D:5      | Bought a potion of degeneration for 11 gold pieces
  3903 | D:5      | Bought a potion of heal wounds for 55 gold pieces
  4176 | D:5      | Gained mutation: When hurt, damage is shared between your
                  | health and your magic reserves. [demonic ancestry]
  4176 | D:5      | Reached XP level 7. HP: 50/54 MP: 7/7
  4342 | D:5      | Reached skill level 4 in Fighting
  5017 | D:5      | Found Ishianuot's Distillery.
  5222 | D:5      | Found Ishianuot's Distillery.
  5567 | D:6      | Noticed Pikel
  5580 | D:5      | Killed Pikel
  5581 | D:5      | Reached XP level 8. HP: 39/62 MP: 5/8
  5734 | D:6      | Found a staircase to the Ecumenical Temple.
  5743 | Temple   | Entered the Ecumenical Temple
  6306 | D:6      | Reached skill level 5 in Fighting
  6306 | D:6      | Reached skill level 5 in Axes
  6306 | D:6      | Reached skill level 5 in Dodging
  6629 | D:6      | Noticed Edmund
  6642 | D:6      | Killed Edmund
  6854 | D:6      | Reached skill level 5 in Throwing
  6978 | D:6      | Reached XP level 9. HP: 9/70 MP: 4/9
  7712 | D:7      | Found a flagged portal.
  7726 | Bailey   | Entered a bailey
  7814 | Bailey   | Noticed an orc warlord
  7937 | Bailey   | Noticed an orc knight
  8035 | Bailey   | Killed an orc knight
  8036 | Bailey   | Reached skill level 6 in Fighting
  8036 | Bailey   | Reached skill level 5 in Armour
  8260 | Bailey   | Found a runed translucent gate.
  8261 | Bailey   | Found a runed translucent gate.
  8262 | Bailey   | Found a runed translucent gate.
  8543 | Bailey   | Killed an orc warlord
  8544 | Bailey   | Gained mutation: You are mostly covered in rugged brown
                  | scales. (AC +2, +5% HP) [demonic ancestry]
  8544 | Bailey   | Reached XP level 10. HP: 73/80 MP: 10/10
  8642 | Bailey   | Identified the ring "Kepuf" {Will+ MP+9 Int-4 Dex+4}
  8965 | D:7      | Acquired a +2 demon trident of pain
  8967 | D:7      | Acquired a manual of Fighting
  9273 | D:7      | Reached skill level 7 in Fighting
  9712 | D:8      | Cast into level 1 of the Abyss (gnoll sergeant)
  9738 | Abyss:1  | Noticed a starcursed mass
  9772 | Abyss:1  | Noticed a lich
  9773 | Abyss:1  | Noticed a will-o-the-wisp
  9779 | Abyss:1  | Killed from afar by a lich

Illustrated notes

Levels and vault maps discovered:
D:1:      saegor_arrival_miasma, layout_basic
D:2:      layout_basic, serial_shops, shop, hellmonk_ecumenical_altar_zigzags
D:3:      layout_rooms, gammafunk_ghost_stat_death
D:4:      layout_loops_ring, gammafunk_ghost_split
D:5:      layout_basic, serial_shops, nicolae_shop_trees
D:6:      layout_gridville, minmay_temple_entry_purple_smoke, uniq_pikel,
          uniq_edmund
D:7:      layout_loops_ring, lightli_bailey_entry_fortress,
          minmay_misc_feat_encased, chequers_garden, kennysheep_small_spiral,
          kennysheep_minor_cross
D:8:      minmay_gate_of_8, layout_cave_pools,
          mainiacjoe_overflow_large_starburst, gammafunk_ghost_cemetery,
          st_stairs_12, nicolae_sextant
Temple:   mainiacjoe_temple_cubbyholes
Abyss:1:  base:
D:8

Skill      XL: |  1  2  3  4  5  6  7  8  9 10 |
---------------+-------------------------------+-----
Throwing       | 2 3 4 5 6 |  6.3
Axes           | 3 4 5 6 |  6.7
Dodging        | 3 4 5 6 |  6.7
Armour         | 1 2 3 4 5 |  5.9
Fighting       | 3 4 5 6 7 |  7.2

Action                   |  1- 3 |  4- 6 |  7- 9 | 10-12 || total
-------------------------+-------+-------+-------+-------++-------
Melee: War axe           |    92 |    94 |   149 |    55 ||   390
       Flail             |       |       |    18 |       ||    18
       Trident           |       |       |     4 |     4 ||     8
Throw: Throwing net      |     1 |       |       |       ||     1
       Javelin           |       |     3 |     7 |       ||    10
       Dart              |       |     2 |    14 |       ||    16
       Boomerang         |       |       |    73 |       ||    73
  Use: Scroll            |       |       |       |     2 ||     2
 Stab: Distracted        |       |       |     1 |       ||     1
Armor: Leather armour    |    35 |       |       |       ||    35
       Ring mail         |     4 |    45 |    26 |       ||    75
       Chain mail        |       |       |    95 |    41 ||   136
Dodge: Dodged            |    47 |    77 |   149 |    64 ||   337

Table legend: (Time is in decaauts)
 A = Elapsed time spent in this place.
 B = Non-inter-level travel time spent in this place.
 C = Inter-level travel time spent in this place.
 D = Time resting spent in this place.
 E = Time spent auto-exploring this place.
 F = Levels seen in this place.
 G = Mean time per level.
                   A        B        C        D        E       F      G
               +--------+--------+--------+--------+--------+-----+--------+
         Total |   9903 |   9661 |    242 |    142 |   7880 |  11 |  900.3 |
       Dungeon |   8522 |   8331 |    191 |    142 |   6940 |   8 | 1065.2 |
        Temple |    335 |    284 |     51 |      0 |    284 |   1 |  335.0 |
         Abyss |     68 |     68 |      0 |      0 |     25 |   1 |   68.0 |
        Bailey |    976 |    976 |      0 |      0 |    631 |   1 |  976.0 |
               +--------+--------+--------+--------+--------+-----+--------+

Top non-repeatable levels by time:
     D:5: 2019 daAuts
     D:6: 1487 daAuts
     D:3: 1178 daAuts
     D:7: 1102 daAuts
     D:1: 1087 daAuts
  Bailey: 976 daAuts
     D:2: 782 daAuts
     D:4: 695 daAuts
  Temple: 335 daAuts
     D:8: 168 daAuts
 Abyss:1: 68 daAuts
